 Dungeon Crawl Stone Soup version 0.30-a0-393-g54b8e3be05 (webtiles) character file.

Game seed: 12567428774066777008

5222 jlumianski the Cleaver (level 10, -4/94 HPs)
             Began as a Minotaur Fighter on Dec 5, 2022.
             Was a Believer of Qazlal.
             Slain by an orc knight
             ... wielding a +0 war axe
              (17 damage)
             ... in a bailey.
             The game lasted 00:36:25 (7425 turns).

jlumianski the Cleaver (Minotaur Fighter)           Turns: 7425, Time: 00:36:26

Health: -4/94      AC: 25    Str: 25    XL:     10   Next: 35%
Magic:  9/10       EV:  8    Int:  5    God:    Qazlal [**....]
Gold:   482        SH: 13    Dex: 10    Spells: 9/9 levels left

rFire   . . .      SeeInvis .    a - +1 war axe
rCold   . . .      Faith    +    n - +0 kite shield
rNeg    . . .      Spirit   .    R - +0 plate armour
rPois   .          Reflect  .    (helmet restricted)
rElec   .          Harm     .    (no cloak)
rCorr   .          Rampage  .    (no gloves)
Will    .....                    y - +2 pair of boots
Stlth   ..........               O - amulet of faith
HPRegen 0.35/turn                D - +4 ring of protection
MPRegen 0.12/turn                K - +4 ring of protection

@: mighty
A: horns 2, retaliatory headbutt
a: Renounce Religion, Upheaval


You were in a bailey.
You worshipped Qazlal.
Qazlal was pleased with you.
You visited 2 branches of the dungeon, and saw 10 of its levels.
You also visited: Bailey.

You collected 482 gold pieces.

Inventory:

Hand Weapons
 a - a +1 war axe (weapon)
 E - a +0 mace of protection
 H - the +10 quarterstaff "Ahoith" {freeze, rC- Int+8}
   (You found it on level 7 of the Dungeon)

   It freezes those it strikes, dealing additional cold damage.
   It can also slow down cold-blooded creatures.
   Int:       It affects your intelligence (+8).
   rC:        It makes you vulnerable to cold.
 N - a +2 spear of freezing
Missiles
 f - 98 stones
 m - 2 curare-tipped darts
 v - 10 boomerangs (quivered)
 A - 12 poisoned darts
 I - 3 throwing nets
Armour
 b - a +0 scale mail
 c - a +0 buckler
 n - a +0 kite shield (worn)
 y - a +2 pair of boots (worn)
 R - a +0 plate armour (worn)
Magical Staves
 M - a staff of poison
Jewellery
 q - a ring of protection from fire
 w - a ring of magical power
 D - a +4 ring of protection (left hand)
 G - an amulet of magic regeneration
 K - a +4 ring of protection (right hand)
 O - an amulet of faith (around neck)
 Q - a ring of flight
Wands
 p - a wand of flame (15)
 F - a wand of paralysis (13)
 L - a wand of digging (4)
Scrolls
 e - a scroll of blinking
 g - 2 scrolls of butterflies
 k - 3 scrolls of teleportation
 l - 3 scrolls of enchant weapon
 s - 2 scrolls of vulnerability
 u - 4 scrolls of enchant armour
 B - a scroll of fear
 C - a scroll of acquirement {unknown}
 J - a scroll of immolation {unknown}
 P - a scroll of silence {unknown}
 T - a scroll of summoning {unknown}
 U - a scroll of magic mapping {unknown}
Potions
 d - 2 potions of might
 h - 3 potions of brilliance
 i - 2 potions of invisibility
 j - 8 potions of curing
 o - 2 potions of attraction
 r - a potion of haste
 t - 3 potions of heal wounds
 x - a potion of degeneration
 z - a potion of ambrosia
 S - a potion of mutation {unknown}
 V - a potion of cancellation {unknown}


   Skills:
 * Level 10.5 Fighting
 + Level 10.9 Axes
 + Level 1.0 Throwing
 + Level 8.6 Armour
 + Level 6.9 Dodging
 + Level 0.5 Stealth
 + Level 9.0 Shields
 * Level 1.7 Invocations
 * Level 1.6 Evocations


You had 9 spell levels left.
You didn't know any spells.
Your spell library contained the following spells:

 Spells                   Type           Power      Damage    Failure   Level
 Necrotise                Necr           0%         1d4       100%        1
 Cigotuvi's Dreadful Rot  Necr/Pois/Air  0%         N/A       100%        2
 Ensorcelled Hibernation  Hex/Ice        0%         N/A       100%        2
 Ignite Poison            Fire/Tmut/Pois 0%         N/A       100%        3
 Kindle Blastsparks       Fire/Tloc/Air  0%         2d10      100%        3
 Spider Form              Tmut/Pois      0%         N/A       100%        3
 Stone Arrow              Conj/Erth      0%         3d7       100%        3
 Vampiric Draining        Necr           0%         2d6       100%        3
 Anguish                  Hex/Necr       0%         N/A       100%        4
 Animate Armour           Summ/Erth      0%         N/A       100%        4
 Dispel Undead            Necr           0%         3d6       100%        4
 Agony                    Necr           0%         N/A       100%        5
 Freezing Cloud           Conj/Ice/Air   0%         6-21      100%        5
 Death Channel            Necr           0%         N/A       100%        6
 Lehudib's Crystal Spear  Conj/Erth      0%         10d2      100%        8
 Chain Lightning          Conj/Air       0%         N/A       100%        9
 Fire Storm               Conj/Fire      0%         5d1       100%        9
 Shatter                  Erth           0%         3d5*      100%        9


Dungeon Overview and Level Annotations

Branches:
Dungeon (9/15)             Temple (1/1) D:7          Bailey (1/1)
   Lair: D:8-11         Orc: D:9-12

Altars:
Dithmenos
Fedhas
Hepliaklqana
Makhleb
Okawaru
Qazlal
Vehumet
Xom
Yredelemnul
Zin
The Shining One

Shops:
D:2 [   D:3 =   D:4 :

Annotations:
D:4 2 transporters, zupo's ghost, novice GnRe


Innate Abilities, Weirdness & Mutations

You have a pair of horns on your head.
You reflexively headbutt those who attack you in melee.


Message History

The orc warrior no longer looks unusually strong.
The orc warlord roars a battlecry!
The orc warriors go into a battle-frenzy!
You hit the orc warlord but do no damage.
The orc warlord is moderately wounded.
You block the orc warlord's attack.
You hit the orc warlord.
The orc warlord is moderately wounded.
The orc warlord barely misses you.
You hit the orc warlord. Your headbutt misses the orc warlord.
The orc warlord is heavily wounded.
You block the orc warlord's attack.
You slash the orc warlord! You headbutt the orc warlord!
The orc warlord is severely wounded.
The orc no longer looks unusually strong.
The orc warlord no longer looks unusually strong.
The orc warlord hits you with a +4 battleaxe!
* * * LOW HITPOINT WARNING * * *
You slash the orc warlord!
The orc warlord is severely wounded.
The orc warlord roars a battlecry!
The orc goes into a battle-frenzy!
You hit the orc warlord but do no damage.
You headbutt the orc warlord!
The orc warlord is almost dead.
The orc warlord hits you with a +4 battleaxe.
* * * LOW HITPOINT WARNING * * *
You slash the orc warlord!
The orc warlord is almost dead.
The orc knight no longer looks unusually strong.
The orc warlord hits you with a +4 battleaxe.
* * * LOW HITPOINT WARNING * * *
You slash the orc warlord!
You kill the orc warlord!
Qazlal accepts your kill.
Your Shields skill increases to level 9!
You barely miss the orc knight.
The orc knight is heavily wounded.
The orc knight hits you with a +0 war axe!
You die...

##.......## #.........#
##.........##
#######.....⌠.....#######
##.....##)........##.....##
#.......).........'.......#
##.......##.......##.......##
#.........#.......#.........#
##.........##88@88##.........##
#.....⌠.....###o###.....⌠.....#
##.........###oog###.........##
#.........#..oo...#.........#
##.)))...##.......##....)).##
#..))...#.........#....)..#
##.....##.........##..)..##
##'####...........####)##
##.....##.........##.....##


You could see an orc knight, 3 orc warriors, an orc (strong) and a goblin.

Vanquished Creatures
  An orc warlord (Bailey)
  5 yaks (D:8)
  2 water moccasins
  7 orc warriors (Bailey)
  2 sky beasts
  A black bear (D:5)
  3 ice beasts
  5 ogres
  3 kobold brigands
  2 scorpions
  2 bullfrogs (D:8)
  3 necrophages
  8 jellies
  6 hounds
  2 orc priests
  2 gnoll boudas (D:7)
  4 iguanas
  An orc wizard (D:8)
  18 gnolls
  6 adders
  3 white imps
  An ufetubus (D:4)
  A worm (D:3)
  3 dart slugs
  26 orcs
  6 ball pythons
  6 endoplasms
  2 giant cockroaches
  22 goblins
  10 hobgoblins
  8 jackals
  4 quokkas
  8 bats
  4 frilled lizards
  20 kobolds
  11 rats
218 creatures vanquished.

Vanquished Creatures (others)
  3 fungi
  6 plants (D:3)
9 creatures vanquished.

Grand Total: 227 creatures vanquished

Notes
Turn   | Place    | Note
-------+----------+-------------------------------------------
     0 | D:1      | jlumianski the Minotaur Fighter began the quest for the
                  | Orb.
     0 | D:1      | Reached XP level 1. HP: 19/19 MP: 0/0
   325 | D:2      | Reached XP level 2. HP: 27/27 MP: 1/1
   448 | D:2      | Found Siggampi's Antique Armour Boutique.
  1209 | D:2      | Reached XP level 3. HP: 33/33 MP: 2/2
  1517 | D:3      | Found a radiant altar of Vehumet.
  1589 | D:3      | Found a faded altar of an unknown god.
  1775 | D:3      | Reached XP level 4. HP: 41/41 MP: 3/3
  1900 | D:4      | Found Miahikev's Book Boutique.
  1937 | D:5      | Entered Level 5 of the Dungeon
  1937 | D:5      | Noticed a scorpion
  2090 | D:4      | Noticed a scorpion
  2098 | D:3      | Killed a scorpion
  2099 | D:3      | Reached XP level 5. HP: 12/47 MP: 4/4
  2106 | D:3      | HP: 2/47 [poisoned by a scorpion]
  2327 | D:3      | Reached skill level 5 in Dodging
  2327 | D:3      | Reached XP level 6. HP: 61/61 MP: 5/5
  2358 | D:3      | Found Sotsorph's Jewellery Emporium.
  2506 | D:4      | Found a glowing golden altar of the Shining One.
  2767 | D:3      | Reached XP level 7. HP: 35/67 MP: 6/6
  3318 | D:4      | Found a transporter.
  3338 | D:4      | Noticed zupo's ghost (novice GnRe)
  3380 | D:4      | Found a transporter.
  4309 | D:5      | Found a glowing silver altar of Zin.
  4358 | D:5      | Reached XP level 8. HP: 75/75 MP: 7/7
  4364 | D:5      | Found a basalt altar of Yredelemnul.
  5450 | D:7      | Identified the +10 quarterstaff "Ahoith" {freeze, rC-
                  | Int+8}
  5593 | D:6      | Reached XP level 9. HP: 83/83 MP: 8/8
  5832 | D:7      | Found a staircase to the Ecumenical Temple.
  5840 | Temple   | Entered the Ecumenical Temple
  5851 | Temple   | Became a worshipper of Qazlal Stormbringer
  6108 | D:7      | Found a burning altar of Makhleb.
  6427 | D:7      | Reached * piety under Qazlal
  6438 | D:7      | Found a shimmering altar of Xom.
  6635 | D:8      | Reached skill level 1 in Throwing
  6640 | D:8      | Reached skill level 10 in Axes
  6649 | D:8      | Reached skill level 10 in Fighting
  6831 | D:8      | Found a hazy altar of Hepliaklqana.
  7055 | D:9      | Found a flagged portal.
  7067 | Bailey   | Entered a bailey
  7171 | Bailey   | Reached XP level 10. HP: 90/93 MP: 9/9
  7218 | Bailey   | Reached ** piety under Qazlal
  7305 | Bailey   | Reached skill level 1 in Invocations
  7341 | Bailey   | Reached skill level 1 in Evocations
  7400 | Bailey   | Noticed an orc knight
  7400 | Bailey   | Noticed an orc warlord
  7424 | Bailey   | Killed an orc warlord
  7425 | Bailey   | Slain by an orc knight

Illustrated notes

Levels and vault maps discovered:
D:1:      amcnicky_arrival_abandoned_market, layout_basic
D:2:      layout_rooms, serial_shops, nicolae_shop_waterfront
D:3:      cheibrodos_thug_alley, layout_basic, vehumet_altar_wand_db,
          serial_shops, nicolae_diamond_shop,
          shapermc_ecumenical_altar_mp_ritualfount, minmay_vboxes
D:4:      layout_loops_ring, mainiacjoe_overflow_cross_hatched, serial_shops,
          shop, gammafunk_ghost_stat_death, minmay_stone_trees_small
D:5:      layout_basic, nicolae_overflow_crystal_walls,
          yredelemnul_altar_generic, grunt_ministairs_10
D:6:      layout_loops_cross, moated_statue
D:7:      layout_rooms, mainiacjoe_overflow_tiny_flanked,
          lemuel_coloured_pillars_altar, minmay_temple_entry_statues_fountains
D:8:      layout_cave_pools, old_standard_altar
D:9:      layout_irregular_city, mainiacjoe_overflow_surrounded_room,
          pdpol_wu_jian_five_deadly_venoms, mainiacjoe_overflow_divided_tiny,
          hellmonk_lair_entry_icy, enter_bailey_3, serial_shops, shop,
          serial_park_tiny_pond
Temple:   nicolae_temple_ecumenical_triangle
Bailey:   bailey_axe_minmay_hex_keep, bailey

Skill      XL: |  1  2  3  4  5  6  7  8  9 10 |
---------------+-------------------------------+-----
Shields        | 4 7 8 9 |  9.0
Fighting       | 4 7 8 9 10 | 10.5
Armour         | 4 7 8 |  8.6
Axes           | 3 4 7 8 9 10 | 10.9
Dodging        | 5 6 |  6.9
Throwing       | 1 |  1.0
Invocations    | 1 |  1.7
Evocations     | 1 |  1.6
Stealth        | |  0.5

Action                   |  1- 3 |  4- 6 |  7- 9 | 10-12 || total
-------------------------+-------+-------+-------+-------++-------
Melee: War axe           |    86 |    74 |   258 |    54 ||   472
       Headbutt          |    13 |    10 |    52 |     8 ||    83
Throw: Boomerang         |       |       |    13 |       ||    13
Evoke: Wand              |       |       |       |     1 ||     1
  Use: Scroll            |     3 |     4 |    11 |       ||    18
       Potion            |       |     1 |       |     2 ||     3
 Stab: Paralysed         |       |       |       |     2 ||     2
Armor: Scale mail        |    39 |    31 |    95 |     6 ||   171
       Plate armour      |       |       |       |     5 ||     5
Dodge: Dodged            |    39 |    30 |   102 |    13 ||   184
Block: Buckler           |     9 |       |       |       ||     9
       Kite shield       |    17 |    34 |   140 |    18 ||   209

Table legend: (Time is in decaauts)
 A = Elapsed time spent in this place.
 B = Non-inter-level travel time spent in this place.
 C = Inter-level travel time spent in this place.
 D = Time resting spent in this place.
 E = Time spent auto-exploring this place.
 F = Levels seen in this place.
 G = Mean time per level.
                   A        B        C        D        E       F      G
               +--------+--------+--------+--------+--------+-----+--------+
         Total |   7562 |   7488 |     74 |    312 |   3746 |  11 |  687.5 |
       Dungeon |   7180 |   7106 |     74 |    312 |   3746 |   9 |  797.8 |
        Temple |     17 |     17 |      0 |      0 |      0 |   1 |   17.0 |
        Bailey |    364 |    364 |      0 |      0 |      0 |   1 |  364.0 |
               +--------+--------+--------+--------+--------+-----+--------+

Top non-repeatable levels by time:
     D:3: 1571 daAuts
     D:5: 1112 daAuts
     D:4: 963 daAuts
     D:1: 941 daAuts
     D:6: 769 daAuts
     D:7: 743 daAuts
     D:2: 515 daAuts
     D:8: 509 daAuts
  Bailey: 364 daAuts
     D:9: 53 daAuts
  Temple: 17 daAuts
